 Dungeon Crawl Stone Soup version 0.17.2-1-ge4368a0 (webtiles) character file.

637 Hurricos the Insei (level 7, -1/43 HPs)
             Began as an Octopode Transmuter on Aug 4, 2017.
             Shot with an arrow by a centaur (13 damage)
             ... on level 5 of the Dungeon.
             The game lasted 00:07:49 (5108 turns).

Hurricos the Insei (Octopode Transmuter)            Turns: 5108, Time: 00:07:49

Health: -1/43      AC:  1    Str:  9    XL:     7   Next: 50%
Magic:  0/10       EV: 15    Int: 15    God:
Gold:   271        SH:  0    Dex: 15    Spells: 2 memorised, 6 levels left

rFire  . . .     SeeInvis .     b - +2 hunting sling (flame)
rCold  . . .     Clarity  .     (no shield)
rNeg   . . .     SustAt   .     (helmet restricted)
rPois  .         Gourm    .     e - amulet of guardian spirit
rElec  .         Spirit   +     v - +3 ring of slaying
rCorr  .         Warding  .     (no ring)
rMut   .         Stasis   .     (no ring)
MR     .....                    (no ring)
Stlth  +++.......               (no ring)
                                (no ring)
                                (no ring)
                                (no ring)

@: not resistant to hostile enchantments, fairly stealthy
A: almost no armour, amphibious, 8 rings, constrict 8, camouflage 1, gelatinous
body 1
a: no special abilities


You were on level 5 of the Dungeon.
You were not hungry.

You visited 1 branch of the dungeon, and saw 5 of its levels.
You also visited: Sewer.

You collected 271 gold pieces.

Inventory:

Hand Weapons
 b - a +2 hunting sling of flaming (weapon)
Missiles
 a - 27 arrows
 p - 117 stones (quivered)
Jewellery
 e - an amulet of guardian spirit (around mantle)
 k - an uncursed ring of ice
 v - a +3 ring of slaying (left tentacle)
 y - an uncursed ring of protection from magic {unknown}
Scrolls
 f - a scroll of random uselessness {unknown}
 g - 2 scrolls of amnesia {unknown}
 h - a scroll of enchant armour {unknown}
 i - 3 scrolls of teleportation
 m - 3 scrolls of remove curse
 s - a scroll of fear {unknown}
 x - a scroll of recharging
Potions
 c - 4 potions of curing {unknown}
 d - 2 potions of haste {unknown}
 l - 2 potions of mutation {unknown}
 n - a potion of cancellation {unknown}
 q - a potion of brilliance
 r - 2 potions of flight {unknown}
 u - a potion of poison {unknown}
 w - a potion of magic {unknown}
 z - a potion of cure mutation
 A - a potion of might
Books
 o - a book of Changes

   Spells                             Type                      Level
   a - Beastly Appendage              Transmutation                1
   b - Sticks to Snakes               Transmutation                2
   c - Spider Form                    Transmutation/Poison         3
   d - Ice Form                       Ice/Transmutation            4
   e - Blade Hands                    Transmutation                5
Comestibles
 j - 4 meat rations
 t - 2 bread rations


   Skills:
 - Level 1.0 Fighting
 + Level 4.9 Dodging
 - Level 1.3 Stealth
 + Level 5.5 Unarmed Combat
 - Level 2.3 Spellcasting
 - Level 2.2 Transmutations
 + Level 4.3 Poison Magic


You had 6 spell levels left.
You knew the following spells:

 Your Spells              Type           Power        Failure   Level  Hunger
a - Beastly Appendage     Trmt           #.....       12%         1    #......
b - Spider Form           Trmt/Pois      ##........   21%         3    ###....


Dungeon Overview and Level Annotations

Branches:
Dungeon (5/15)
 Temple: D:4-7

Altars:
Trog
The Shining One

Annotations:
D:3 vernon's ghost, amateur TrBe


Innate Abilities, Weirdness & Mutations

You cannot wear most types of armour.
You are amphibious.
You can wear up to eight rings at the same time.
You can use your tentacles to constrict eight enemies at once.
Your skin changes colour to match your surroundings (Stealth).
Your rubbery body absorbs attacks (AC +1).


Message History

You shoot a stone. The stone completely misses the jackal.
The centaur shoots an arrow.
The arrow closely misses you. The jackal bites you.
Firing (i - inventory):
p - 119 stones (quivered)
Press: ? - help, Shift-Dir - straight line, f/p - jackal
Aim: a jackal You shoot a stone.
The stone hits the jackal.
The stone burns the jackal.
You kill the jackal!
The centaur shoots an arrow.
The arrow closely misses you.
The centaur shoots an arrow.
The arrow hits you. The quokka bites you.
Firing (i - inventory):
p - 118 stones (quivered)
Press: ? - help, Shift-Dir - straight line, f - quokka
Aim: a quokka You shoot a stone.
The stone misses the quokka.
The centaur shoots an arrow.
The arrow hits you! The quokka bites you.
* * * LOW HITPOINT WARNING * * *
You are too injured to fight recklessly!
You are too injured to fight recklessly!
The centaur shoots an arrow.
The arrow hits you!
You die...

.........########
........[.......#
##.##.#########.#
.#.##.# #.#
......#
##.####.##.
...##.#
#.........?
#.###.#
###.###.##
#.....#
####.(##.##.
#######
#...@.r.....<
#####(.#..##.
#c.# .# ##... ..
.... .. .......
.((... ..##.


You could see a centaur and a quokka.

Vanquished Creatures
  An ice beast (D:5)
  An ogre (D:4)
  A hound (D:5)
  A giant frog skeleton (D:5)
  Crazy Yiuf (D:3)
  Ijyb (D:3)
  Jessica (D:3)
  2 orc wizards (D:4)
  An iguana (D:4)
  Robin (D:2)
  A river rat (D:3)
  8 adders
  An ooze (D:3)
  2 giant geckos
  12 orcs
  9 ball pythons
  7 giant cockroaches
  8 hobgoblins
  14 jackals
  2 quokkas (D:2)
  5 bats
  4 giant newts
  17 goblins
  15 kobolds
  16 rats
  A fungus (D:3)
  7 plants (Sewer)
140 creatures vanquished.

Vanquished Creatures (others)
  A plant (Sewer)
1 creature vanquished.

Grand Total: 141 creatures vanquished

Notes
Turn   | Place    | Note
--------------------------------------------------------------
     0 | D:1      | Hurricos the Octopode Transmuter began the quest for the Orb.
     0 | D:1      | Reached XP level 1. HP: 13/13 MP: 3/3
   279 | D:1      | Reached XP level 2. HP: 18/18 MP: 3/5
   705 | D:1      | Reached skill level 1 in Stealth
   871 | D:1      | Reached XP level 3. HP: 20/23 MP: 6/6
  1054 | D:2      | Learned a level 3 spell: Spider Form
  1559 | D:2      | Reached XP level 4. HP: 25/28 MP: 4/7
  1751 | D:2      | Noticed Robin
  1759 | D:2      | Killed Robin
  1759 | D:2      | Reached skill level 1 in Poison Magic
  2157 | D:3      | Noticed Ijyb
  2167 | D:3      | Killed Ijyb
  2167 | D:3      | Reached skill level 4 in Unarmed Combat
  2167 | D:3      | Reached XP level 5. HP: 29/33 MP: 6/8
  2456 | D:3      | Found a glowing drain.
  2487 | Sewer    | Entered a sewer
  3287 | D:3      | Noticed vernon's ghost (amateur TrBe)
  3507 | D:3      | Noticed Jessica
  3510 | D:3      | Killed Jessica
  3510 | D:3      | Reached XP level 6. HP: 32/38 MP: 7/9
  4083 | D:4      | Found a glowing golden altar of the Shining One.
  4085 | D:4      | Reached skill level 5 in Unarmed Combat
  4355 | D:4      | Reached XP level 7. HP: 43/43 MP: 10/10
  4605 | D:3      | Noticed a moth of wrath
  4705 | D:3      | Found a bloodstained altar of Trog.
  4832 | D:3      | Noticed Crazy Yiuf
  4837 | D:3      | Killed Crazy Yiuf
  4931 | D:5      | Entered Level 5 of the Dungeon
  5108 | D:5      | Shot with an arrow by a centaur

Action                   |  1- 3 |  4- 6 |  7- 9 || total
-------------------------+-------+-------+-------++-------
Melee: Unarmed           |    75 |   148 |     6 ||   229
 Fire: Hunting sling     |       |   115 |    41 ||   156
 Cast: Beastly Appendage |    24 |    18 |       ||    42
  Use: Scroll            |       |     9 |       ||     9
 Stab: Sleeping          |    10 |     3 |       ||    13
  Eat: Bread ration      |     1 |       |       ||     1
       Chunk             |       |     3 |       ||     3
       Pizza             |       |     2 |       ||     2
       Meat ration       |       |     1 |       ||     1
